 Dungeon Crawl Stone Soup version 0.30.1-9-gdf580d7c3d (webtiles) character file.

Game seed: 16004249703287540244

59 Psyclone the Conjurer (level 3, 0/19 HPs)
             Began as a Deep Elf Conjurer on Oct 7, 2023.
             Killed from afar by Sigmund (6 damage)
             ... with a puff of flame
             ... on level 2 of the Dungeon.
             The game lasted 00:03:34 (1517 turns).

Psyclone the Conjurer (Deep Elf Conjurer)           Turns: 1517, Time: 00:03:35

Health: 0/19       AC:  3    Str:  4    XL:     3   Next: 78%
Magic:  6/9        EV: 12    Int: 24    God:
Gold:   81         SH:  0    Dex: 13    Spells: 2/8 levels left

rFire   . . .        j - +0 dagger
rCold   . . .        (no shield)
rNeg    . . .        a - +0 robe
rPois   .            m - +0 helmet
rElec   .            (no cloak)
rCorr   .            (no gloves)
SInv    .            (no boots)
Will    .....        (no amulet)
Stlth   ++           (no ring)
HPRegen 0.23/turn    (no ring)
MPRegen 0.11/turn

%: no passive effects
@: no status effects
A: no striking features
a: no special abilities


You were on level 2 of the Dungeon.
You visited 1 branch of the dungeon, and saw 2 of its levels.

You collected 81 gold pieces.

Inventory:

Hand Weapons
 j - a +0 dagger (weapon)
Armour
 a - a +0 robe (worn)
 m - a +0 helmet (worn)
Scrolls
 d - 3 scrolls of teleportation {unknown}
 f - a scroll of vulnerability {unknown}
 g - a scroll of amnesia {unknown}
 i - 2 scrolls of blinking {unknown}
Potions
 b - a potion of magic
 c - a potion of brilliance {unknown}
 e - a potion of heal wounds {unknown}
 h - a potion of curing {unknown}
 k - a potion of degeneration {unknown}
 l - a potion of ambrosia {unknown}


   Skills:
 - Level 2.4 Dodging
 - Level 2.4 Stealth
 + Level 3.4 Spellcasting
 + Level 5.6 Conjurations
 + Level 1.0 Earth Magic


You had 2 spell levels left.
You knew the following spells:

 Your Spells              Type           Power      Damage    Failure   Level
a - Magic Dart            Conj           100%       1d8       1%          1
b - Searing Ray           Conj           62%        2d6       1%          2
f - Stone Arrow           Conj/Erth      40%        3d9       8%          3

Your spell library contained the following spells:

 Spells                   Type           Power      Damage    Failure   Level
 Dazzling Flash           Conj/Hex       34%        N/A       10%         3
 Call Canine Familiar     Summ           4%         N/A       30%         3
 Portal Projectile        Hex/Tloc       8%         N/A       30%         3
 Volatile Blastmotes      Fire/Tloc      8%         2d10      30%         3
 Fulminant Prism          Conj/Hex       8%         3d7       32%         4
 Iskenderun's Mystic Bla  Conj/Tloc      17%        2d5       32%         4
 Animate Armour           Summ/Erth      12%        N/A       63%         4
 Leda's Liquefaction      Hex/Erth       3%         N/A       63%         4
 Starburst                Conj/Fire      8%         6d4       99%         6
 Lehudib's Crystal Spear  Conj/Erth      10%        10d4      100%        8


Dungeon Overview and Level Annotations

Branches:
Dungeon (2/15) Zot: 10482

Altars:

Annotations:
D:2 Sigmund


Message History

You feel sick.
You are no longer poisoned.
Found a ring mail.
You see here a +0 helmet.
You start putting on your armour.
You continue putting on your +0 helmet. x4
You finish putting on your +0 helmet.
HP restored.
Sigmund the Dreaded comes into view.
He is wielding a +0 scythe.
Health restored: 19; MP restored: 9
Casting: Magic Dart (safe; 1% risk of failure)
Confirm with . or Enter, or press ? or * to list all spells.
Aiming: Magic Dart (safe; 1% risk of failure)
Press: ? - help, Shift-Dir - straight line, f - Sigmund
Aim: Sigmund, wielding a +0 scythe and wearing a +0 robe (asleep, 100% to hit)
The magic dart hits Sigmund.
Sigmund is lightly wounded.
Sigmund shouts!
You now have 8/9 mp.
Sigmund casts a spell at you. The puff of flame hits you!
Ouch! That really hurt!
You take 12 damage, and have 7/19 hp.
MASSIVE DAMAGE!!
Sigmund points at you and mumbles some strange words.
The magic dart hits you.
* * * LOW HITPOINT WARNING * * *
You take 3 damage, and have 4/19 hp.
You start resting.
Magic restored.
MP restored: 9
Casting: Magic Dart (safe; 1% risk of failure)
Confirm with . or Enter, or press ? or * to list all spells.
The spell is extremely dangerous to miscast (8% risk of failure)!
Continue anyway?
Aiming: Stone Arrow (extremely dangerous; 8% risk of failure)
Press: ? - help, Shift-Dir - straight line, f/p - Sigmund
Aim: Sigmund, wielding a +0 scythe and wearing a +0 robe (lightly wounded, 68% to hit)
The stone arrow hits Sigmund!
Sigmund is heavily wounded.
Sigmund asks, "Do you like me?"
Sigmund points at you and mumbles some strange words.
The puff of flame hits you.
You die...

................##.........
###.............. ........
######..........## ##......
.........###....##.....#.....
................#.#. ...#.[..
...........@....#..#######...
.........###....#..#.....#.##
....@.#### #....#[.#.....#.#
...... #@...#..#...).#.#
...... #....†#.#.....#.#
##### #......##.....#.#
#.......######'.##
#####............#
#............# #............#
#............# #............#


You could see Sigmund.

Vanquished Creatures
  2 adders (D:2)
  A dart slug (D:1)
  An endoplasm (D:2)
  A giant cockroach (D:1)
  4 goblins
  3 hobgoblins
  4 jackals
  9 ball pythons
  5 bats
  2 frilled lizards
  A kobold (D:2)
  4 rats (D:1)
37 creatures vanquished.

Notes
Turn   | Place    | Note
-------+----------+-------------------------------------------
     0 | D:1      | Psyclone the Deep Elf Conjurer began the quest for the Orb.
     0 | D:1      | Reached XP level 1. HP: 10/10 MP: 6/6
   276 | D:1      | Reached XP level 2. HP: 15/15 MP: 6/8
   342 | D:2      | Reached skill level 5 in Conjurations
   404 | D:2      | Learned a level 2 spell: Searing Ray
   963 | D:1      | Reached XP level 3. HP: 19/19 MP: 7/9
  1045 | D:1      | Learned a level 3 spell: Stone Arrow
  1430 | D:2      | Reached skill level 1 in Earth Magic
  1500 | D:2      | Noticed Sigmund
  1517 | D:2      | Killed from afar by Sigmund

Illustrated notes

Levels and vault maps discovered:
D:1:      saegor_arrival_simple_c, layout_loops_ring, minmay_tiny_reverse_x
D:2:      layout_basic, grunt_decor_one_mirror, minmay_3d_cube, uniq_sigmund

Skill      XL: |  1  2  3 |
---------------+----------+-----
Conjurations   | 5 |  5.6
Earth Magic    | 1 |  1.0
Dodging        | |  2.4
Stealth        | |  2.4
Spellcasting   | |  3.4

Action                     || total
---------------------------++-------
   Cast: Magic Dart        ||    55
         Searing Ray       ||     2
         Stone Arrow       ||     2
 Armour: Robe              ||     4
  Dodge: Dodged            ||    18
